 Dungeon Crawl Stone Soup version 0.23.0-3-gf3c87f2 (webtiles) character file.

Game seed: 13229265779128420307

1897 skk the Poker (level 8, -7/62 HPs)
             Began as a Demonspawn Fighter on Feb 23, 2019.
             Was a Follower of Okawaru.
             Mangled by an orc warrior
             ... wielding a +0 glaive
              (16 damage)
             ... on level 6 of the Dungeon.
             The game lasted 00:10:10 (5732 turns).

skk the Poker (Demonspawn Fighter)                  Turns: 5732, Time: 00:10:11

Health: -7/62      AC:  7    Str: 18    XL:     8   Next: 93%
Magic:  9/9        EV:  8    Int:  9    God:    Okawaru [*.....]
Gold:   128        SH: 11    Dex: 14    Spells: 7/7 levels left

rFire    . . .     SeeInvis .   q - +2 trident (pierce)
rCold    . . .     Gourm    .   c - +1 shield
rNeg     + . .     Faith    .   b - +0 scale mail
rPois    .         Spirit   .   (helmet restricted)
rElec    .         Reflect  .   r - scarf {repulsion}
rCorr    .         Harm     .   (no gloves)
MR       .....                  (no boots)
Stlth    +++.......             (no amulet)
HPRegen  0.20/turn              j - ring of positive energy
MPRegen  0.11/turn              i - ring of stealth

@: repel missiles
A: claws 1, hooves 2, horns 1, demonic guardian 1, nightstalker 1
a: Heroism, Renounce Religion


You were on level 6 of the Dungeon.
You worshipped Okawaru.
Okawaru was aware of your devotion.
You were not hungry.

You visited 2 branches of the dungeon, and saw 9 of its levels.

You collected 324 gold pieces.
You spent 196 gold pieces at shops.

Inventory:

Hand Weapons
 q - a +2 trident of piercing (weapon)
Armour
 b - a +0 scale mail (worn)
 c - a +1 shield (worn)
 r - a scarf of repulsion (worn)
 s - the -3 buckler of Compassion {MR++ Int+4 Dex+3}
   (You found it on level 5 of the Dungeon)

   It affects your intelligence (+4).
   It affects your dexterity (+3).
   It affects your resistance to hostile enchantments.
Jewellery
 i - a ring of stealth (right claw)
 j - a ring of positive energy (left claw)
 n - an uncursed ring of resist corrosion
Wands
 p - a wand of paralysis (4)
 u - a wand of polymorph (6)
Scrolls
 a - 4 scrolls of teleportation
 g - a scroll of enchant armour
 m - 2 scrolls of random uselessness
 w - 2 scrolls of remove curse
Potions
 d - 2 potions of might
 e - 2 potions of curing
 h - 2 potions of heal wounds
 l - a potion of flight
 o - a potion of agility
 x - a potion of ambrosia {unknown}
Comestibles
 f - 5 rations


   Skills:
 + Level 5.3 Fighting
   Level 2.5 Long Blades
 + Level 5.7 Polearms
 + Level 5.0 Armour
 + Level 2.2 Dodging
 + Level 3.6 Stealth
 + Level 4.6 Shields
 * Level 1.9 Invocations
 + Level 0.9 Evocations


You had 7 spell levels left.
You didn't know any spells.
Your spell library contained the following spells:

 Spells                   Type           Power        Failure   Level  Hunger
 Beastly Appendage        Tmut           #.....       99%         1    ##.....
 Sticks to Snakes         Tmut           #.......     100%        2    ###....
 Spider Form              Tmut/Pois      #.........   100%        3    ####...
 Ice Form                 Ice/Tmut       #.......     100%        4    #####..
 Blade Hands              Tmut           #.........   100%        5    ######.


Dungeon Overview and Level Annotations

Branches:
Dungeon (8/15)             Temple (1/1) D:5
   Lair: D:8-11

Altars:
Ashenzari
Cheibriados
Elyvilon
Fedhas
Gozag
Kikubaaqudgha
Nemelex Xobeh
Okawaru
Qazlal
Sif Muna
Trog
Uskayaw
Vehumet
Xom
Zin
The Shining One

Shops:
D:7 *


Innate Abilities, Weirdness & Mutations

You have sharp fingernails.
You have hoof-like feet.
You have a pair of small horns on your head.
A weak demonic guardian rushes to your aid.
You are slightly more attuned to the shadows.


Message History

You closely miss the quokka. Your kick misses the quokka.
You headbutt the quokka.
The quokka is lightly wounded.
The quokka bites you.
* * * LOW HITPOINT WARNING * * *
The orc warrior hits you from afar with a +0 glaive!
* * * LOW HITPOINT WARNING * * *
Your quasit bites the orc warrior but does no damage.
Your quasit claws the orc warrior.
Your quasit misses the orc warrior. The quokka closely misses you.
Your quasit closely misses the orc warrior.
Your quasit barely misses the orc warrior.
Your quasit claws the orc warrior but does no damage.
The quokka bites you but does no damage.
Your shield prevents you from hitting the quokka.
Your headbutt misses the quokka.
The quokka is lightly wounded.
The quokka bites you but does no damage.
The orc warrior hits you from afar with a +0 glaive!
You die...

... $..# ###
..##..# #..
..?#..# #5#
#.#..# #.# #
#....# #@# .#
#.##.).# #r#..#
#....>.###o...#
######5o.5...##
#########


You could see an orc warrior, a quokka, a friendly quasit and a friendly white
imp.

Vanquished Creatures
  Prince Ribbit (D:5)
  A hippogriff (D:7)
  An orc warrior (D:6)
  2 centaurs (D:5)
  3 howler monkeys
  3 crimson imps (D:5)
  2 centaur skeletons (D:4)
  2 jellies
  3 hounds
  An orc wizard (D:7)
  5 orc priests
  2 iguanas (D:7)
  A worker ant (D:5)
  A killer bee zombie (D:6)
  8 adders
  An ooze (D:3)
  An adder skeleton (D:5)
  3 worms
  A dart slug (D:1)
  A leopard gecko (D:1)
  17 orcs
  6 giant cockroaches
  6 goblins
  7 hobgoblins
  A jackal (D:5)
  4 quokkas
  A ball python (D:3)
  7 bats
  2 frilled lizards
  7 kobolds
  A leopard gecko skeleton (D:4)
  A leopard gecko zombie (D:7)
  A quokka skeleton (D:4)
  6 rats
110 creatures vanquished.

Vanquished Creatures (collateral kills)
  Sigmund (D:2)
  The ghost of CasualChangeling the Bolt Thrower, an amateur TeWn (D:3)
  An orc warrior (D:7)
  2 ogres
  A howler monkey (D:7)
  An orc wizard (D:6)
7 creatures vanquished.

Grand Total: 117 creatures vanquished

Notes
Turn   | Place    | Note
-------+----------+-------------------------------------------
     0 | D:1      | skk the Demonspawn Fighter began the quest for the Orb.
     0 | D:1      | Reached XP level 1. HP: 18/18 MP: 1/1
   256 | D:1      | Gained mutation: You have large cloven feet. [demonic
                  | ancestry]
   256 | D:1      | Reached XP level 2. HP: 24/24 MP: 2/2
   524 | D:2      | Noticed Sigmund
   636 | D:2      | Gained mutation: A weak demonic guardian rushes to your
                  | aid. [demonic ancestry]
   636 | D:2      | Reached XP level 3. HP: 22/29 MP: 3/3
  1074 | D:2      | Gained mutation: You have sharp fingernails. [demonic
                  | ancestry]
  1074 | D:2      | Reached XP level 4. HP: 21/35 MP: 4/4
  1156 | D:2      | Killed Sigmund
  1156 | D:2      | Gained mutation: You have hoof-like feet. [demonic
                  | ancestry]
  1156 | D:2      | Reached XP level 5. HP: 37/42 MP: 5/5
  1180 | D:2      | Found an opulent altar of Gozag.
  1316 | D:2      | Found a blossoming altar of Fedhas.
  1585 | D:3      | Found a large runed translucent door.
  1585 | D:3      | Found a large runed translucent door.
  1923 | D:3      | Noticed CasualChangeling's ghost (amateur TeWn)
  2498 | D:3      | Killed CasualChangeling's ghost
  2498 | D:3      | Reached skill level 1 in Dodging
  2498 | D:3      | Gained mutation: You are slightly more attuned to the
                  | shadows. [demonic ancestry]
  2498 | D:3      | Reached XP level 6. HP: 48/48 MP: 6/6
  3090 | D:5      | Entered Level 5 of the Dungeon
  3110 | D:5      | Gained mutation: You have a pair of small horns on your
                  | head. [demonic ancestry]
  3110 | D:5      | Reached XP level 7. HP: 47/54 MP: 7/7
  3193 | D:5      | Noticed Prince Ribbit
  3213 | D:5      | Killed Prince Ribbit
  3213 | D:5      | Reached skill level 5 in Polearms
  3213 | D:5      | Reached skill level 1 in Stealth
  3225 | D:5      | Got a faintly humming buckler
  3236 | D:5      | Identified the -3 buckler of Compassion {MR++ Int+4 Dex+3}
                  | (You found it on level 5 of the Dungeon)
  3424 | D:5      | Found a glowing golden altar of the Shining One.
  3494 | D:5      | Found a staircase to the Ecumenical Temple.
  3516 | Temple   | Entered the Ecumenical Temple
  3640 | Temple   | Became a worshipper of Warmaster Okawaru
  3661 | D:5      | Reached skill level 1 in Long Blades
  3705 | D:5      | Reached XP level 8. HP: 61/61 MP: 8/8
  3881 | D:5      | Found a hide-covered altar of Uskayaw.
  3881 | D:5      | Found a shimmering altar of Xom.
  4367 | D:6      | Found an opulent altar of Gozag.
  4368 | D:6      | Found a sparkling altar of Nemelex Xobeh.
  4441 | D:6      | You fall through a shaft for 2 floors!
  4674 | D:7      | Found Foepimo's Assorted Antiques.
  4677 | D:7      | Bought a scroll labeled INTOST FODWU for 18 gold pieces
  4677 | D:7      | Bought 3 scrolls of remove curse for 162 gold pieces
  4677 | D:7      | Bought a puce potion for 16 gold pieces
  4683 | D:7      | Noticed a hippogriff
  4692 | D:7      | Killed a hippogriff
  4692 | D:7      | Reached * piety under Okawaru
  4692 | D:7      | Reached skill level 5 in Fighting
  5007 | D:7      | Reached skill level 5 in Armour
  5177 | D:7      | Reached skill level 1 in Invocations
  5520 | D:7      | Found a glowing silver altar of Zin.
  5732 | D:6      | Mangled by an orc warrior

Skill      XL: |  1  2  3  4  5  6  7  8 |
---------------+-------------------------+-----
Armour         | 3 4 5 |  5.0
Polearms       | 2 3 4 5 |  5.7
Shields        | 3 4 |  4.6
Dodging        | 1 2 |  2.2
Fighting       | 4 5 |  5.3
Stealth        | 2 3 |  3.6
Long Blades    | 1 2 |  2.5
Invocations    | 1 |  1.9
Evocations     | |  0.9

Action                   |  1- 3 |  4- 6 |  7- 9 || total
-------------------------+-------+-------+-------++-------
Melee: Trident           |    91 |   128 |    77 ||   296
       Kick              |     9 |    34 |    58 ||   101
       Long sword        |       |       |    80 ||    80
       Headbutt          |       |       |    32 ||    32
Invok: Heroism           |       |       |     1 ||     1
Evoke: Wand              |       |       |     5 ||     5
  Use: Potion            |     3 |     1 |     1 ||     5
       Scroll            |       |     8 |     8 ||    16
 Stab: Paralysed         |       |       |     5 ||     5
       Sleeping          |       |       |    10 ||    10
       Distracted        |       |       |     2 ||     2
  Eat: Ration            |     1 |       |     1 ||     2
       Chunk             |       |     2 |     8 ||    10
Armor: Scale mail        |    36 |    34 |    50 ||   120
Dodge: Dodged            |    27 |    29 |    45 ||   101
Block: Shield            |    28 |    42 |    68 ||   138
       Rpst.: Long sword |       |       |    13 ||    13
